 Dungeon Crawl Stone Soup version 0.18-a0-1164-g7046a04 (webtiles) character file.

21 Reinor the Scratcher (level 2, 0/12 HPs)
             Began as a Felid Transmuter on Jan 25, 2016.
             Slain by a giant gecko (4 damage)
             ... on level 2 of the Dungeon.
             The game lasted 00:02:22 (1308 turns).

Reinor the Scratcher (Felid Transmuter)             Turns: 1308, Time: 00:02:22

Health: 0/12       AC:  1    Str:  6    XL:     2   Next: 62%
Magic:  6/6        EV: 18    Int: 14    God:
Gold:   52         SH:  0    Dex: 16    Spells: 1 memorised, 4 levels left
                                        Lives:  0   Deaths: 0

rFire  . . .     SeeInvis +       - Unarmed
rCold  . . .     Gourm    .     (armour unavailable)
rNeg   . . .     Faith    .     (shield unavailable)
rPois  .         Spirit   .     (helmet unavailable)
rElec  .         Dismiss  .     (cloak unavailable)
rCorr  .         Reflect  .     (gloves unavailable)
SustAt .         Harm     .     (boots unavailable)
MR     .....                    h - amulet of inaccuracy (curse)
Stlth  ++........               (no ring)
                                (no ring)

@: quick, not resistant to hostile enchantments, unstealthy
A: no armour, no weapons or thrown items, claws 1, fangs 3, see invisible,
carnivore 3, speed 1, shaggy fur 1, slow metabolism 1, sharp paws
a: no special abilities


You were on level 2 of the Dungeon.
You were completely stuffed.

You visited 1 branch of the dungeon, and saw 2 of its levels.

You collected 52 gold pieces.

Inventory:

Missiles
 a - 12 arrows
Jewellery
 h - a cursed amulet of inaccuracy (around neck)
Potions
 d - a potion of might
 e - a potion of agility
 f - a potion of heal wounds {unknown}
 g - a potion of ambrosia {unknown}
 j - a potion of curing {unknown}
Books
 b - a book of Changes

   Spells                             Type                      Level
   a - Beastly Appendage              Transmutation                1
   b - Sticks to Snakes               Transmutation                2
   c - Spider Form                    Transmutation/Poison         3
   d - Ice Form                       Ice/Transmutation            4
   e - Blade Hands                    Transmutation                5
Comestibles
 c - 2 meat rations


   Skills:
 - Level 1.0 Fighting
 - Level 2.6 Dodging
 - Level 4.0 Unarmed Combat
 + Level 2.0 Spellcasting
 - Level 2.1 Transmutations


You had 4 spell levels left.
You knew the following spells:

 Your Spells              Type           Power        Failure   Level  Hunger
a - Beastly Appendage     Trmt           #.....       12%         1    ##.....


Dungeon Overview and Level Annotations

Branches:
Dungeon (2/15)

Altars:


Innate Abilities, Weirdness & Mutations

You cannot wear armour.
You are incapable of wielding weapons or throwing items.
You have sharp claws.
You have razor-sharp teeth.
You have supernaturally acute eyesight.
You are carnivorous and can eat meat at any time.
You cover ground quickly.
You are covered in fur (AC +1).
You have a slow metabolism.
Your sharp claws are effective at attacking unaware monsters.


Message History

You are too injured to fight recklessly!
You are too injured to fight recklessly!
You are too injured to fight recklessly!
You are too injured to fight recklessly!
The hobgoblin shouts!
The hobgoblin closely misses you.
You are too injured to fight recklessly!
You are too injured to fight recklessly!
You are too injured to fight recklessly!
You scratch the hobgoblin.
You bite the hobgoblin, but do no damage.
The hobgoblin is severely wounded.
The giant gecko barely misses you. The hobgoblin misses you.
You barely miss the hobgoblin.
The hobgoblin is severely wounded.
The giant gecko misses you.
You miss the hobgoblin.
The hobgoblin is severely wounded.
The hobgoblin closely misses you. The giant gecko bites you.
You die...

#.......... # #....
#.......... +.
#.#.##.# #..........
#.##.#.##.#
#.......... ......##.#
#..........
#....##.###..........
#.$.....g@l..........
#....##.##.(.<.......
#...<##.##..#+#+#####
# #.......((........#
#.#..#.#(..#....#.#.#
#......#)..#........
####.#.#..##.####.#.#
....................
.##.#.#.########.#.###


You could see a giant gecko and a hobgoblin.

Vanquished Creatures
  6 bats
  3 goblins (D:1)
  3 hobgoblins
  A ball python (D:1)
  3 giant newts
  2 kobolds
  2 rats (D:1)
20 creatures vanquished.

Notes
Turn   | Place    | Note
--------------------------------------------------------------
     0 | D:1      | Reinor the Felid Transmuter began the quest for the Orb.
     0 | D:1      | Reached XP level 1. HP: 9/9 MP: 4/4
   457 | D:1      | Reached XP level 2. HP: 12/12 MP: 6/6
  1259 | D:2      | Reached skill level 4 in Unarmed Combat
  1308 | D:2      | Slain by a giant gecko

Vault maps used:
D:1:      dpeg_arrival_boxorama
D:2:      grunt_pakellas_basics, uniq_jessica

Action                   || total
-------------------------++-------
Melee: Unarmed           ||    74
  Use: Scroll            ||     2
 Stab: Sleeping          ||     3
       Distracted        ||     1
  Eat: Chunk             ||     8
